 Dungeon Crawl Stone Soup version 0.30.1-11-g7821555f0a (webtiles) character file.

Game seed: 1214681311763726075

262 boopmooplesden the Covered (level 5, -1/48 HPs)
             Began as an Armataur Fighter on Jan 12, 2024.
             Slain by a goblin
             ... wielding a +0 dagger
              (2 damage)
             ... on level 4 of the Dungeon.
             The game lasted 00:03:43 (2316 turns).

boopmooplesden the Covered (Armataur Fighter)       Turns: 2316, Time: 00:03:45

Health: -1/48      AC:  8    Str: 23    XL:     5   Next: 97%
Magic:  5/5        EV:  7    Int:  9    God:
Gold:   144        SH:  4    Dex:  9    Spells: 4/4 levels left

rFire   . . .        a - +0 flail
rCold   . . .        c - +0 buckler
rNeg    . . .        b - +0 scale mail
rPois   +            n - +0 helmet
rElec   .            (no cloak)
rCorr   .            (no gloves)
SInv    .            (no barding)
Will    .....        (no amulet) Stlth
                     m - ring of poison resistance
HPRegen 0.28/turn    (no ring)
MPRegen 0.09/turn

%: roll
@: no status effects
A: large, rugged brown scales 3, deformed body, armoured tail, roll, long
tongue, awkward tongue
a: no special abilities


You were on level 4 of the Dungeon.
You visited 1 branch of the dungeon, and saw 4 of its levels.

You collected 144 gold pieces.

Inventory:

Hand Weapons
 a - a +0 flail (weapon)
Missiles
 o - a throwing net (quivered)
Armour
 b - a +0 scale mail (worn)
 c - a +0 buckler (worn)
 n - a +0 helmet (worn)
 p - a +2 pair of boots
Jewellery
 m - a ring of poison resistance (left hand)
Scrolls
 f - 2 scrolls of identify
 g - 3 scrolls of torment
 q - a scroll of magic mapping
Potions
 d - a potion of might
 e - a potion of berserk rage {unknown}
 h - a potion of invisibility
 i - a potion of degeneration
 j - a potion of heal wounds {unknown}
 k - a potion of brilliance
 l - 7 potions of haste
 r - a potion of lignification {unknown}


   Skills:
 + Level 3.1 Fighting
 + Level 4.3 Maces & Flails
 + Level 4.8 Armour
 + Level 0.5 Dodging
 + Level 0.5 Stealth
 + Level 3.8 Shields


You had 4 spell levels left.
You didn't know any spells.
Your spell library contained the following spells:

 Spells                   Type           Power      Damage    Failure   Level
 Cigotuvi's Dreadful Rot  Necr/Pois/Air  0%         N/A       87%         2
 Ignite Poison            Fire/Tmut/Pois 0%         N/A       98%         3
 Freezing Cloud           Conj/Ice/Air   0%         6-21      100%        5


Dungeon Overview and Level Annotations

Branches:
Dungeon (4/15)
 Temple: D:4-7

Altars:
Gozag

Shops:
D:2 =


Innate Abilities, Weirdness & Mutations

You are completely covered in rugged brown scales. (AC +3, +7% HP)
Armour fits poorly on your strangely shaped body.
You have a long armoured tail.
You roll when moving toward enemies. (Rampage)
Your long tongue fully drains potion bottles. (2x potion effects)
Your tongue gives you trouble enunciating. (1.5x scroll delay)


Message History

You kill the ball python!
You see here a ball python corpse.
There is a stone staircase leading down here.
An orc comes into view. It is wielding a +0 dagger.
The orc shouts!
You hear a shout!
An orc is nearby!
You roll towards the orc!
A goblin and a ball python come into view.
The goblin shouts!
You hear a shout!
An ogre comes into view. It is wielding a +0 giant club.
The orc closely misses you.
You barely miss the orc. You tail-slap the orc.
You kill the orc!
You roll towards the ball python!
A hobgoblin comes into view.
The hobgoblin shouts!
A goblin opens the door.
The ball python bites you but does no damage.
You closely miss the ball python.
The ball python bites you but does no damage.
You hit the ball python.
You kill the ball python!
The goblin hits you but does no damage. x2
The ogre hits you with a +0 giant club!
You sock the ogre! You tail-slap the ogre.
The ogre is heavily wounded.
The goblin closely misses you.
The hobgoblin hits you but does no damage.
You thump the ogre!
The ogre is severely wounded.
The ogre hits you with a +0 giant club! The goblin hits you but does no damage.
The hobgoblin hits you but does no damage.
You hit the ogre.
Your tail-slap misses the ogre.
The ogre is severely wounded.
The hobgoblin hits you but does no damage.
The ogre hits you with a +0 giant club!!
Ouch! That really hurt!
* * * LOW HITPOINT WARNING * * *
The goblin hits you with a +0 dagger.
You die...

..#.# ..... ## .#.#
##... .. ..# #... #. #.#
#### #. # #.### ##### #.
#.##...####...## #. #.
#.............+.
.#...#g#####.##...#...##
......O@)....###...(..##
......g......# #........
.............# #.###.##.
.............# #........
.............# #####.#..
.............# #.#.<
.......#############.#..
....... ..........>.
##########.#


You could see an ogre, a hobgoblin and a goblin.

Vanquished Creatures
  An ogre (D:2)
  A hound (D:2)
  An adder (D:2)
  4 gnolls
  A worm (D:2)
  2 dart slugs
  2 orcs (D:4)
  10 ball pythons
  4 endoplasms
  6 giant cockroaches
  9 goblins
  16 hobgoblins
  2 jackals (D:2)
  5 quokkas
  6 bats
  6 kobolds
  3 rats
79 creatures vanquished.

Notes
Turn   | Place    | Note
-------+----------+-------------------------------------------
     0 | D:1      | boopmooplesden the Armataur Fighter began the quest for the
                  | Orb.
     0 | D:1      | Reached XP level 1. HP: 19/19 MP: 1/1
   238 | D:1      | Reached XP level 2. HP: 26/26 MP: 2/2
   605 | D:1      | Reached XP level 3. HP: 31/32 MP: 3/3
   828 | D:2      | Reached XP level 4. HP: 38/39 MP: 4/4
  1136 | D:2      | Found an opulent altar of Gozag.
  1199 | D:2      | Reached XP level 5. HP: 48/48 MP: 5/5
  1262 | D:2      | Found Famel's Jewellery Boutique.
  1267 | D:2      | Noticed an ogre
  1280 | D:2      | Killed an ogre
  2309 | D:4      | Noticed an ogre
  2316 | D:4      | HP: 1/48 [ogre/+0 giant club (24)]
  2316 | D:4      | Slain by a goblin

Illustrated notes

Levels and vault maps discovered:
D:1:      lemuel_arrival_broad_hall, layout_basic, supply_closet_lemuel
D:2:      layout_rooms, basic_altar, serial_shops, nicolae_shop_behind_doors
D:3:      layout_loops_corners
D:4:      layout_basic

Skill      XL: |  1  2  3  4  5 |
---------------+----------------+-----
Armour         | 4 |  4.8
Maces & Flails | 2 3 4 |  4.3
Fighting       | 3 |  3.1
Dodging        | |  0.5
Stealth        | |  0.5
Shields        | |  3.8

Action                     |  1- 3 |  4- 6 || total
---------------------------+-------+-------++-------
  Melee: Flail             |   100 |   131 ||   231
         Tailslap          |    12 |    13 ||    25
  Throw: Throwing net      |       |     2 ||     2
    Use: Scroll            |       |     8 ||     8
 Armour: Scale mail        |    78 |    62 ||   140
  Dodge: Dodged            |    56 |    41 ||    97
  Block: Buckler           |    28 |    21 ||    49
